 Dungeon Crawl Stone Soup version 0.27.0-1-g7a089689b8 (webtiles) character file.

Game seed: 17063228813180250556

2 hawla the Sneak (level 1, -4/19 HPs)
             Began as a Deep Elf Delver on Aug 8, 2021.
             Killed from afar by Ijyb (8 damage)
             ... with a puff of flame
             ... on level 3 of the Dungeon.
             The game lasted 00:04:07 (873 turns).

hawla the Sneak (Deep Elf Delver)                    Turns: 873, Time: 00:04:07

Health: -4/19      AC:  3    Str:  9    XL:     1   Next: 33%
Magic:  3/3        EV: 12    Int: 14    God:
Gold:   35         SH:  0    Dex: 16    Spells: 0/0 levels left

rFire    . . .     SeeInvis .   h - +3 dagger
rCold    . . .     Faith    .   (no shield)
rNeg     . . .     Spirit   .   b - +0 leather armour
rPois    .         Reflect  .   (no helmet)
rElec    .         Harm     .   (no cloak)
rCorr    .         Rampage  .   (no gloves)
Will     .....                  (no boots)
Stlth    ..........             (no amulet)
HPRegen  0.06/turn              (no ring)
MPRegen  0.08/turn              (no ring)

@: berserking, very quick
A: no striking features
a: no special abilities


You were on level 3 of the Dungeon.
You visited 1 branch of the dungeon, and saw 3 of its levels.

You collected 35 gold pieces.

Inventory:

Hand Weapons
 h - a +3 dagger (weapon)
Armour
 b - a +0 leather armour (worn)
Wands
 g - a wand of digging (3)
Scrolls
 c - a scroll of fog
 d - a scroll of magic mapping
Potions
 f - a potion of haste
 i - a potion of lignification {unknown}


   Skills:
 + Level 2.4 Fighting
 + Level 2.0 Short Blades
 + Level 2.4 Dodging
 + Level 6.2 Stealth


You couldn't memorise any spells.
You didn't know any spells.
Your spell library was empty.

Dungeon Overview and Level Annotations

Branches:
Dungeon (5/15)
 Temple: D:4-7

Altars:
Hepliaklqana
Yredelemnul
Zin

Annotations:
D:3 Ijyb
D:4 Dowan, Duvessa


Message History

Dowan is nearby!
Dowan shouts!
Dowan gestures wildly while chanting.
Dowan blinks!
Duvessa shouts!
You hear a shout!
Found a stone staircase leading up.
There is a stone staircase leading up here.
You climb upwards.
Ijyb the Twisted Goblin comes into view.
She is wielding a +0 club and carrying a wand of flame (24).
Ijyb shouts!
Found 2 fizzy purple potions.
There is a stone staircase leading down here.
As you read the scroll labelled LEXTAUB SEIGRE, it crumbles to dust.
It is a scroll of identify.
a - a potion of berserk rage You closely miss Ijyb.
A red film seems to cover your vision as you go berserk!
You feel yourself moving faster!
You feel mighty!
Ijyb zaps a wand.
The puff of flame hits you!
Ouch! That really hurt!
You barely miss Ijyb. Ijyb barely misses you.
You puncture Ijyb!
Ijyb is heavily wounded.
Ijyb screams, "Me very upset!"
Ijyb hits you but does no damage.
You barely miss Ijyb.
Ijyb is heavily wounded.
You closely miss Ijyb.
Ijyb is heavily wounded.
Ijyb zaps a wand.
The puff of flame hits you.
* * * LOW HITPOINT WARNING * * *
You puncture Ijyb!
Ijyb is almost dead.
Ijyb closely misses you.
You hit Ijyb.
Ijyb is almost dead.
You hit Ijyb but do no damage.
Ijyb is almost dead.
Ijyb zaps a wand.
The puff of flame hits you!
You die...

## ## ###. #.#
#...##.#######
#......#.....#
##.............
#..............
.#..............
.......>........
.#......@g......
#..............
##.....!.......
##.....#.....#
#############


You could see Ijyb.

Vanquished Creatures
  A goblin (D:4)
  A ball python (D:4)
  A kobold (D:4)
3 creatures vanquished.

Notes
Turn   | Place    | Note
-------+----------+-------------------------------------------
     0 | D:5      | hawla the Deep Elf Delver began the quest for the Orb.
     0 | D:5      | Reached XP level 1. HP: 13/13 MP: 3/3
   293 | D:4      | Noticed Dowan
   306 | D:4      | Found a hazy altar of Hepliaklqana.
   307 | D:4      | Found a basalt altar of Yredelemnul.
   309 | D:4      | Found a glowing silver altar of Zin.
   453 | D:4      | Noticed Duvessa
   862 | D:3      | Noticed Ijyb
   873 | D:3      | Killed from afar by Ijyb

Illustrated notes

Levels and vault maps discovered:
D:3:      layout_rooms, lemuel_tele_altar, roderic_roman_lattice, uniq_grinder,
          uniq_ijyb, uniq_robin
D:4:      layout_loops_ring, chequers_temple_overflow_statue_of_worship,
          grunt_ministairs_4, uniq_duvessa, uniq_natasha
D:5:      layout_basic

Action                   || total
-------------------------++-------
Melee: Dagger            ||    17
       Short sword       ||     8
  Use: Scroll            ||     2
       Potion            ||     1
Armor: Leather armour    ||     5
Dodge: Dodged            ||    13
